 Dungeon Crawl Stone Soup version 0.31.0 (webtiles) character file.

Game seed: 1629578295381215408

385 qw the Shooter (level 6, -1/38 HPs)
             Began as a Gargoyle Hunter on Jan 19, 2024.
             Slain by an orc warrior
             ... wielding a +0 short sword
              (9 damage)
             ... on level 6 of the Dungeon.
             The game lasted 00:00:14 (3141 turns).

qw the Shooter (Gargoyle Hunter)                    Turns: 3141, Time: 00:00:14

Health: -1/38      AC:  3    Str: 15    XL:     6   Next: 77%
Magic:  6/6        EV: 12    Int:  9    God:
Gold:   78         SH:  5    Dex: 15    Spells: 5/5 levels left

rFire   + . .        a - +0 shortbow
rCold   + . .        (shield currently unavailable)
rNeg    + . .        l - +1 robe "Komuimint" {rElec rPois Regen+}
rPois   inf          (no helmet)
rElec   +            i - scarf {rC+ rF+}
rCorr   .            (no gloves)
SInv    .            (no boots)
Will    .....        d - amulet of reflection
Stlth   ++           (no ring)
HPRegen 1.06/turn    (no ring)
MPRegen 0.10/turn

%: reflection
@: about to teleport, corroded
A: sickness immunity, AC +4, negative energy resistance 1, electricity
resistance, torment resistance 1, petrification resistance
a: no special abilities


You were on level 6 of the Dungeon.
You visited 1 branch of the dungeon, and saw 7 of its levels.

You collected 184 gold pieces.
You spent 106 gold pieces at shops.


Innate Abilities, Weirdness & Mutations

You are immune to sickness and miasma.
Your stone body is resilient. (AC +4)
You are immune to poison.
You resist negative energy. (rN+)
You are resistant to electric shocks. (rElec)
You are resistant to unholy torment.
You are immune to petrification.


   Skills:
 - Level 4.1 Fighting
 - Level 7.0 Ranged Weapons
 - Level 1.0 Armour
 + Level 1.5 Dodging
 - Level 1.1 Stealth


You had 5 spell levels left.
You didn't know any spells.
Your spell library was empty.

Inventory:

Hand Weapons
 a - a +0 shortbow (weapon)
Armour
 e - a +0 cloak
 i - a scarf of resistance (worn)
 l - the +1 robe "Komuimint" (worn) {rElec rPois Regen+}
   (You found it on level 4 of the Dungeon)

   rElec:     It insulates you from electricity.
   rPois:     It protects you from poison Regen+: It increases your rate of
   health regeneration.
Jewellery
 d - an amulet of reflection (around neck)
Wands
 b - a wand of polymorph (4)
Potions
 f - 2 potions of haste
 g - 3 potions of curing
 k - a potion of mutation {unknown}

Dungeon Overview and Level Annotations

Branches:
Dungeon (7/15)
 Temple: D:4-7

Altars:
Ru
The Shining One

Shops:
D:2 ?   D:5 *


Message History

3131 ||| STAIRDANCE You climb upwards.
The rust devil screeches!
The orc warrior shouts!
The rust devil screeches!
Found a glowing war axe, a scimitar, a halberd and a morningstar.
There is a stone staircase leading down here.
Waypoint 6 assigned to D:6.
You shoot an arrow.
The arrow hits the orc warrior but does no damage.
The orc warrior unwields a +0 short sword.
The orc warrior wields a +0 arbalest.
The orc warrior shoots a bolt.
The bolt hits you!
You shoot an arrow.
The arrow hits the orc warrior but does no damage.
You shoot an arrow.
The arrow closely misses the orc warrior.
You shoot an arrow.
The arrow closely misses the orc warrior.
The orc warrior hits you with a +0 scimitar!
You shoot an arrow.
The arrow barely misses the orc warrior.
The arrow hits the orc warrior!
The orc warrior is moderately wounded.
The orc warrior hits you with a +0 scimitar!
You shoot an arrow.
The arrow hits the orc warrior but does no damage.
The orc warrior is moderately wounded.
The orc warrior unwields a +0 arbalest.
The orc warrior wields a +0 short sword.
The orc warrior barely misses you.
You shoot an arrow. The arrow hits the orc warrior.
The orc warrior is moderately wounded.
The orc warrior barely misses you.
You shoot an arrow. The arrow hits the orc warrior.
The orc warrior is heavily wounded.
The orc warrior closely misses you. The rust devil hits you!
The rust devil corrodes you! The orc warrior barely misses you.
3141 ||| READING scroll of teleportation.
As you read the scroll of teleportation, it crumbles to dust.
You feel strangely unstable.
The orc warrior hits you with a +0 short sword!
You die...

###...###
).....)
#.....#
+..8..+
##.....##
)..4..)
#o4o# #@#
### ...
.#### ..
.. #.. ..


You could see 2 rust devils and 2 orc warriors.

Vanquished Creatures
  A black bear (D:4)
  A phantom (D:7)
  A hound (D:4)
  A jelly (D:4)
  A bombardier beetle (D:4)
  A river rat (D:3)
  5 adders
  A dart slug (D:2)
  2 ribbon worms (D:3)
  3 orcs (D:4)
  2 bats
  5 endoplasms
  2 giant cockroaches
  5 hobgoblins
  3 jackals (D:4)
  14 kobolds
  5 quokkas
  6 ball pythons
  2 frilled lizards
  3 goblins
  6 rats
70 creatures vanquished.

Notes
Turn   | Place    | Note
-------+----------+-------------------------------------------
     0 | D:1      | qw the Gargoyle Hunter began the quest for the Orb.
     0 | D:1      | Reached XP level 1. HP: 12/12 MP: 1/1
     0 | D:1      | 0 ||| qw: Version: 0.3-a-132-g3d54051
     0 | D:1      | 0 ||| qw: Game counter: 75
     0 | D:1      | 0 ||| qw: Melee chars always use a shield: true
     0 | D:1      | 0 ||| qw: God list: Okawaru
     0 | D:1      | 0 ||| qw: Allow faded altars: false
     0 | D:1      | 0 ||| qw: Do Orc after clearing Dungeon:15 true
     0 | D:1      | 0 ||| qw: Do second Lair branch before Depths: true
     0 | D:1      | 0 ||| qw: Lair rune preference: random
     0 | D:1      | 0 ||| qw: Goals: Normal
     0 | D:1      | 0 ||| PLANNING D:1-11
    97 | D:1      | Reached XP level 2. HP: 17/17 MP: 2/2
   527 | D:1      | Reached XP level 3. HP: 21/21 MP: 3/3
   666 | D:1      | 666 ||| UPGRADING to +0 cloak.
   671 | D:1      | 671 ||| UPGRADING to scarf of resistance.
   681 | D:1      | 681 ||| DROPPING +6 ring of intelligence.
   682 | D:1      | 682 ||| READING scroll labelled YSTE MUANTUORCH.
   686 | D:1      | 686 ||| READING scroll labelled GOQIUL PON.
   686 | D:1      | 686 ||| IDENTIFYING sapphire potion
   687 | D:1      | 687 ||| READING scroll labelled ELO KOTWEYDYH.
   688 | D:1      | 688 ||| DRINKING 2 murky emerald potions.
   689 | D:1      | 689 ||| DROPPING scroll of butterflies.
   690 | D:1      | 690 ||| DROPPING potion of degeneration.
   759 | D:2      | Reached skill level 5 in Ranged Weapons
   759 | D:2      | 759 ||| FLEEEEING.
   819 | D:2      | 819 ||| FLEEEEING.
   898 | D:2      | Found a faded altar of an unknown god.
  1044 | D:2      | Found Vismiupe's Magic Scroll Shop.
  1051 | D:2      | 1051 ||| SHOPLISTING scroll of enchant armour (75 gold,
                  | have 34).
  1051 | D:2      | 1051 ||| SHOPLISTING scroll of enchant weapon (75 gold,
                  | have 34).
  1051 | D:2      | 1051 ||| BUYING scroll of identify (20 gold).
  1051 | D:2      | Bought a scroll of identify for 20 gold pieces
  1051 | D:2      | 1051 ||| SHOPLISTING scroll of identify (20 gold, have 14).
  1082 | D:2      | Found a glowing golden altar of the Shining One.
  1145 | D:2      | Identified the +9 flail of the Inferno {freeze, +Blink rF+
                  | rCorr}
  1343 | D:2      | 1343 ||| UPGRADING to +0 ring mail.
  1353 | D:2      | 1353 ||| DROPPING +0 leather armour.
  1354 | D:2      | 1354 ||| UPGRADING to amulet of guardian spirit.
  1359 | D:2      | 1359 ||| READING scroll of identify.
  1359 | D:2      | 1359 ||| IDENTIFYING coppery potion
  1360 | D:2      | 1360 ||| DROPPING potion of attraction.
  1385 | D:3      | 1385 ||| PLANNING SEWER
  1435 | D:3      | Reached skill level 1 in Armour
  1435 | D:3      | Reached XP level 4. HP: 25/27 MP: 4/4
  1472 | D:3      | Reached skill level 3 in Fighting
  2077 | D:3      | 2077 ||| FLEEEEING.
  2107 | D:3      | Found a glowing drain.
  2108 | D:3      | 2108 ||| READING 2 scrolls of identify.
  2108 | D:3      | 2108 ||| IDENTIFYING blue potion
  2109 | D:3      | 2109 ||| READING scroll of identify.
  2109 | D:3      | 2109 ||| IDENTIFYING fizzy red potion
  2110 | D:3      | 2110 ||| READING scroll labelled UHEIN ZINUTT.
  2111 | D:3      | 2111 ||| DROPPING potion of lignification.
  2112 | D:3      | 2112 ||| RIP SEWER
  2112 | D:3      | 2112 ||| PLANNING D:1-11
  2184 | D:4      | Noticed a black bear
  2196 | D:4      | Killed a black bear
  2197 | D:4      | Reached skill level 6 in Ranged Weapons
  2197 | D:4      | Reached XP level 5. HP: 15/32 MP: 2/5
  2222 | D:4      | 2222 ||| FLEEEEING.
  2224 | D:4      | 2224 ||| STAIRDANCE
  2321 | D:4      | Reached XP level 6. HP: 37/37 MP: 6/6
  2346 | D:4      | 2346 ||| FLEEEEING.
  2369 | D:4      | 2369 ||| FLEEEEING.
  2638 | D:4      | 2638 ||| FLEEEEING.
  2655 | D:4      | 2655 ||| FLEEEEING.
  2965 | D:4      | Identified the +1 robe "Komuimint" {rElec rPois Regen+}
  3013 | D:4      | 3013 ||| UPGRADING to +1 robe "Komuimint" {rElec rPois
                  | Regen+}.
  3023 | D:4      | 3023 ||| DROPPING +0 ring mail.
  3024 | D:4      | 3024 ||| UPGRADING to amulet of reflection.
  3034 | D:4      | 3034 ||| DROPPING amulet of guardian spirit.
  3035 | D:4      | 3035 ||| DROPPING ring of wizardry.
  3068 | D:5      | Entered Level 5 of the Dungeon
  3068 | D:5      | Found Acadev's General Store.
  3072 | D:5      | 3072 ||| BUYING potion of curing (30 gold).
  3072 | D:5      | Bought a potion of curing for 30 gold pieces
  3072 | D:5      | 3072 ||| SHOPLISTING ring of protection from cold (250
                  | gold, have 114).
  3072 | D:5      | 3072 ||| SHOPLISTING ring of resist corrosion (200 gold,
                  | have 114).
  3072 | D:5      | 3072 ||| BUYING wand of polymorph (4) (56 gold).
  3072 | D:5      | Bought a wand of polymorph (4) for 56 gold pieces
  3103 | D:5      | You fall into a shaft and drop 2 floors!
  3110 | D:7      | Found a sacrificial altar of Ru.
  3111 | D:7      | 3111 ||| FLEEEEING.
  3125 | D:7      | Reached skill level 7 in Ranged Weapons
  3128 | D:7      | 3128 ||| FLEEEEING.
  3131 | D:7      | 3131 ||| STAIRDANCE
  3132 | D:6      | Noticed a rust devil
  3132 | D:6      | Noticed a rust devil
  3132 | D:6      | Noticed an orc warrior
  3132 | D:6      | Noticed an orc warrior
  3140 | D:6      | HP: 7/38 [rust devil (9)]
  3141 | D:6      | 3141 ||| READING scroll of teleportation.
  3141 | D:6      | Slain by an orc warrior

Levels and vault maps discovered:
D:1:      dpeg_arrival_three_same_balls, layout_basic
D:2:      layout_basic, ebering_ecumenical_altar_petrified, basic_altar,
          serial_shops, nicolae_shop_just_a_little_nook, serial_bayou_pond_a
D:3:      cheibrodos_helix_gallery, layout_basic, gup_sewer_entry_bubbles
D:4:      layout_basic
D:5:      layout_loops_ring, lightli_temple_of_fire, serial_shops,
          nicolae_shop_hallway_stairs, uniq_menkaure
D:6:      cheibrodos_iron_armory, layout_basic, mainiacjoe_overflow_alcove_2,
          mainiacjoe_overflow_six_doors_small, nicolae_eternal_life, uniq_edmund
D:7:      layout_rooms, nicolae_uskayaw_suspiria,
          nicolae_ru_sacrificial_ziggurat, nemelex_dance_club_becter,
          minmay_temple_entry_waves

Skill      XL: |  1  2  3  4  5  6 |
---------------+-------------------+-----
Ranged Weapons | 5 6 7 |  7.0
Armour         | 1 |  1.0
Fighting       | 3 4 |  4.1
Dodging        | |  1.5
Stealth        | |  1.1

Action                     |  1- 3 |  4- 6 || total
---------------------------+-------+-------++-------
   Fire: Shortbow          |    99 |   175 ||   274
    Use: Scroll            |     4 |     4 ||     8
         Potion            |     1 |       ||     1
 Armour: Leather armour    |    26 |       ||    26
         Ring mail         |     2 |    90 ||    92
         Robe              |       |    10 ||    10
  Dodge: Dodged            |    21 |    64 ||    85

Table legend:
 A = Non-vault XP
 B = Vault XP
 C = Vault XP percentage of total XP
 D = Non-vault monster count
 E = Vault monster count
 F = Vault count percentage of total count
                 A         B        C        D         E       F
            +---------+---------+-------+---------+---------+-------
      Total |     526 |      25 |   4.5 |      63 |       7 |  10.0
            +---------+---------+-------+---------+---------+-------
        D:1 |      36 |       0 |   0.0 |      23 |       0 |   0.0
        D:2 |      39 |       0 |   0.0 |       8 |       0 |   0.0
        D:3 |      34 |      25 |  42.4 |      12 |       7 |  36.8
        D:4 |     316 |       0 |   0.0 |      19 |       0 |   0.0
        D:7 |     101 |       0 |   0.0 |       1 |       0 |   0.0
            +---------+---------+-------+---------+---------+-------
